 Dungeon Crawl Stone Soup version 0.30-a0-55-g90e3122c3a (webtiles) character file.

Game seed: 1950558520683008079

788 Decritt the Slasher (level 7, 0/61 (63) HPs)
             Began as a Minotaur Gladiator on Sept 10, 2022.
             Slain by a wight
             ... wielding a +4 war axe
              (11 damage)
             ... on level 7 of the Dungeon.
             The game lasted 00:06:56 (4341 turns).

Decritt the Slasher (Minotaur Gladiator)            Turns: 4341, Time: 00:06:57

HP:   0/61 (63)     AC: 18    Str: 19    XL:     7   Next: 56%
MP:   6/6           EV: 11    Int:  5    God:
Gold: 153           SH:  0    Dex: 13    Spells: 6/6 levels left

rFire   . . .      SeeInvis .    j - +4 short sword (protect)
rCold   . . .      Faith    .    (no shield)
rNeg    . . .      Spirit   .    g - +0 scale mail
rPois   .          Reflect  .    c - +0 hat
rElec   .          Harm     .    t - +0 cloak
rCorr   .          Rampage  .    n - +1 pair of gloves
Will    .....                    l - +0 pair of boots
Stlth   ..........               (no amulet)
HPRegen 0.20/turn                (no ring)
MPRegen 0.10/turn                (no ring)

@: under a protective aura, lightly drained
A: horns 2, retaliatory headbutt
a: no special abilities


You were on level 7 of the Dungeon.
You visited 1 branch of the dungeon, and saw 5 of its levels.
You also visited: Ossuary.

You collected 153 gold pieces.

Inventory:

Hand Weapons
 a - a +0 long sword
 j - a +4 short sword of protection (weapon)
Missiles
 d - 3 throwing nets (quivered)
 e - a javelin
Armour
 b - a +0 leather armour
 c - a +0 hat (worn)
 g - a +0 scale mail (worn)
 l - a +0 pair of boots (worn)
 n - a +1 pair of gloves (worn)
 r - a +1 leather armour of poison resistance
 t - a +0 cloak (worn)
 F - a +0 chain mail
Scrolls
 i - 3 scrolls of teleportation
 k - a scroll of immolation {unknown}
 o - 3 scrolls of poison {unknown}
 u - a scroll of vulnerability {unknown}
 v - a scroll of fear {unknown}
 w - a scroll of butterflies {unknown}
 x - a scroll of amnesia {unknown}
 y - a scroll of enchant armour {unknown}
 E - a scroll of magic mapping {unknown}
 G - a scroll of enchant weapon {unknown}
Potions
 f - 3 potions of heal wounds
 h - a potion of experience {unknown}
 m - a potion of brilliance {unknown}
 p - 2 potions of ambrosia
 q - 3 potions of lignification
 s - 2 potions of haste
 z - a potion of attraction {unknown}
 A - 2 potions of flight
 B - a potion of curing {unknown}
 C - a potion of might {unknown}
 D - 2 potions of degeneration


   Skills:
 * Level 6.1 Fighting
 * Level 6.7 Long Blades
 - Level 3.0 Throwing
 + Level 3.6 Armour
 + Level 4.9 Dodging


You had 6 spell levels left.
You didn't know any spells.
Your spell library contained the following spells:

 Spells                   Type           Power      Damage    Failure   Level
 Stone Arrow              Conj/Erth      0%         3d7       99%         3
 Animate Armour           Summ/Erth      0%         N/A       100%        4
 Lehudib's Crystal Spear  Conj/Erth      0%         10d2      100%        8


Dungeon Overview and Level Annotations

Branches:
Dungeon (4/15)            Ossuary (visited)
 Temple: D:4-7

Altars:
Uskayaw


Innate Abilities, Weirdness & Mutations

You have a pair of horns on your head.
You reflexively headbutt those who attack you in melee.


Message History

A wight comes into view. It is wielding a +4 war axe.
You hit the wight.
Your weapon exudes an aura of protection.
You headbutt the wight.
The wight is severely damaged.
The wight hits you but does no damage.
You hit the wight. Your headbutt misses the wight.
The wight is severely damaged.
The wight hits you with a +0 long sword.
You hit the wight.
The wight is almost destroyed.
The wight hits you with a +4 war axe! The wight barely misses you.
You closely miss the wight. Your headbutt misses the wight.
The wight is almost destroyed.
The wight hits you with a +4 war axe!
* * * LOW HITPOINT WARNING * * *
You feel drained.
* * * LOW HITPOINT WARNING * * *
The wight hits you but does no damage.
You closely miss the wight.
The wight is almost destroyed.
The wight barely misses you. You furiously retaliate!
You headbutt the wight. The wight barely misses you.
You closely miss the wight.
The wight is almost destroyed.
The wight hits you with a +4 war axe!
* * * LOW HITPOINT WARNING * * *
You feel drained. The wight closely misses you.
You hit the wight.
You destroy the wight!
The wight hits you with a +4 war axe!
* * * LOW HITPOINT WARNING * * *
Your Fighting skill increases to level 6!
You hit the wight.
The wight is heavily damaged.
The wight closely misses you.
You hit the wight but do no damage.
The wight is heavily damaged.
The wight hits you with a +4 war axe!
You die...

.. ##.## ...# #....
...# ...< ##..# #.$#
...# #..#####..#
#)z.......#
#####@######..#
#.............#
#.####.#####.## #.# #.#
##..#########
##.####.###.#..........
#.....#.##.###.########
#..##.....## ##.#
#..####.##.###..#
#.....))###.#..##


You could see a wight.

Vanquished Creatures
  A wraith (Ossuary)
  Pargi (D:3)
  A water moccasin zombie (D:4)
  5 wights (D:7)
  An iguana (D:4)
  A hound zombie (D:4)
  3 mummies (Ossuary)
  Robin (D:3)
  3 gnolls (D:3)
  4 adders
  An adder zombie (D:4)
  A worm (D:3)
  A dart slug (D:3)
  An orc (D:3)
  6 bats
  4 endoplasms
  4 giant cockroaches
  9 hobgoblins
  A quokka (D:4)
  6 ball pythons
  2 frilled lizards
  14 goblins
  7 goblin zombies (Ossuary)
  A hobgoblin zombie (Ossuary)
  7 kobolds
  2 kobold zombies (Ossuary)
  4 rats
92 creatures vanquished.

Vanquished Creatures (others)
  3 fungi (D:1)
  5 plants (D:1)
8 creatures vanquished.

Grand Total: 100 creatures vanquished

Notes
Turn   | Place    | Note
-------+----------+-------------------------------------------
     0 | D:1      | Decritt the Minotaur Gladiator began the quest for the Orb.
     0 | D:1      | Reached XP level 1. HP: 18/18 MP: 0/0
   137 | D:1      | Reached XP level 2. HP: 25/25 MP: 1/1
   343 | D:1      | Found a faded altar of an unknown god.
   883 | D:2      | Reached XP level 3. HP: 26/31 MP: 2/2
  1060 | D:2      | Reached skill level 1 in Armour
  1577 | D:3      | Noticed Robin
  1595 | D:3      | Killed Robin
  1842 | D:3      | Reached XP level 4. HP: 38/38 MP: 3/3
  2317 | D:3      | Noticed Pargi
  2325 | D:3      | Killed Pargi
  2326 | D:3      | Reached skill level 5 in Long Blades
  2326 | D:3      | Reached XP level 5. HP: 46/46 MP: 4/4
  2457 | D:3      | Found a hide-covered altar of Uskayaw.
  2641 | D:4      | Reached XP level 6. HP: 46/53 MP: 5/5
  2955 | D:4      | Found a sand-covered staircase.
  2962 | Ossuary  | Entered an ossuary
  2962 | Ossuary  | Noticed a wraith
  2962 | Ossuary  | Noticed a wraith
  2962 | Ossuary  | Noticed a wraith
  3463 | Ossuary  | Noticed a wraith
  3481 | Ossuary  | Killed a wraith
  3482 | Ossuary  | Reached skill level 5 in Fighting
  3625 | D:4      | Reached XP level 7. HP: 50/61 MP: 6/6
  3945 | D:4      | You fall into a shaft and drop 3 floors!
  4341 | D:7      | Slain by a wight

Illustrated notes

Levels and vault maps discovered:
D:1:      kennysheep_arrival_forest, layout_loops_ring,
          shapermc_ecumenical_altar_mp_ritualfount, amethyst_killhole
D:2:      layout_loops_ring
D:3:      layout_loops_corners, mainiacjoe_overflow_paths, uniq_robin,
          uniq_pargi
D:4:      layout_basic, minmay_temple_entry_nine_rooms, serial_undead,
          serial_undead_d, serial_undead_a, serial_undead_d, serial_undead_a,
          nicolae_ossuary_entry_monument, roderic_roman_lattice,
          amcnicky_mini_pool_small, minmay_misc_feat_doors
D:7:      layout_loops_corners, evilmike_ruin_ashenzari, uniq_maggie, uniq_pikel

Skill      XL: |  1  2  3  4  5  6  7 |
---------------+----------------------+-----
Long Blades    | 4 5 6 |  6.7
Fighting       | 3 4 5 6 |  6.1
Armour         | 1 2 3 |  3.6
Dodging        | 4 |  4.9
Throwing       | 3 |  3.0

Action                   |  1- 3 |  4- 6 |  7- 9 || total
-------------------------+-------+-------+-------++-------
Melee: Long sword        |    22 |       |       ||    22
       Short sword       |    65 |   130 |    32 ||   227
       Headbutt          |    14 |    32 |     5 ||    51
       Punch             |     1 |     4 |       ||     5
  Use: Scroll            |       |       |     7 ||     7
       Potion            |       |       |     1 ||     1
Armor: Scale mail        |    54 |    55 |    14 ||   123
Dodge: Dodged            |    47 |    67 |    28 ||   142

Table legend: (Time is in decaauts)
 A = Elapsed time spent in this place.
 B = Non-inter-level travel time spent in this place.
 C = Inter-level travel time spent in this place.
 D = Time resting spent in this place.
 E = Time spent auto-exploring this place.
 F = Levels seen in this place.
 G = Mean time per level.
                   A        B        C        D        E       F      G
               +--------+--------+--------+--------+--------+-----+--------+
         Total |   4340 |   4245 |     95 |      0 |   3602 |   6 |  723.3 |
       Dungeon |   3687 |   3592 |     95 |      0 |   3057 |   5 |  737.4 |
       Ossuary |    653 |    653 |      0 |      0 |    545 |   1 |  653.0 |
               +--------+--------+--------+--------+--------+-----+--------+

Top non-repeatable levels by time:
     D:3: 1142 daAuts
     D:1: 771 daAuts
     D:2: 714 daAuts
     D:4: 664 daAuts
 Ossuary: 653 daAuts
     D:7: 394 daAuts
